 Dungeon Crawl Stone Soup version 0.26-a0-154-g3d63440f56 (console) character file.

Game seed: 13648718809298530572

1157 bli the Covered (level 8, -5/61 HPs)
             Began as a Formicid Fighter on June 30, 2020.
             Was a Believer of Okawaru.
             Slain by Prince Ribbit (7 damage)
             ... on level 6 of the Dungeon.
             The game lasted 00:19:05 (4510 turns).

bli the Covered (Formicid Fighter)                  Turns: 4510, Time: 00:19:05

Health: -5/61      AC:  9    Str: 25    XL:     8   Next: 66%
Magic:  8/8        EV: 10    Int: 15    God:    Okawaru [**....]
Gold:   279        SH: 11    Dex: 11    Spells: 7/7 levels left

rFire    . . .     SeeInvis +   a - +10 dagger {pain, *Noise Str+4 Stlth+}
rCold    . . .     Faith    +   c - +0 kite shield
rNeg     . . .     Spirit   .   k - +0 scale mail
rPois    .         Reflect  .   (helmet unavailable)
rElec    .         Harm     .   s - +1 cloak
rCorr    .                      (no gloves)
MR       .....                  (no boots)
Stlth    +.........             x - amulet of faith
HPRegen  0.20/turn              (no ring)
MPRegen  0.11/turn              G - +6 ring of intelligence

@: mighty
A: permanent stasis, dig shafts and tunnels, four strong arms, antennae 3
a: Dig, Shaft Self, Heroism, Renounce Religion


You were on level 6 of the Dungeon.
You worshipped Okawaru.
Okawaru was pleased with you.
You were not hungry.

You visited 2 branches of the dungeon, and saw 7 of its levels.

You collected 279 gold pieces.

Inventory:

Hand Weapons
 a - the +10 dagger of Hospitality (weapon) {pain, *Noise Str+4 Stlth+}
   (You found it on level 5 of the Dungeon)

   In the hands of one skilled in necromantic magic, it inflicts extra damage on
   living creatures.
   It affects your strength (+4).
   It may make noises in combat.
   It makes you more stealthy.
 b - a +2 vorpal spear
 E - a +0 war axe
Missiles
 l - 202 stones (quivered)
 t - 9 poisoned darts
Armour
 c - a +0 kite shield (worn)
 k - a +0 scale mail (worn)
 r - a +0 ring mail
 s - a +1 cloak (worn)
 w - a +0 chain mail
Magical Staves
 y - an uncursed staff of poison {unknown}
Jewellery
 x - an amulet of faith (around neck)
 G - a +6 ring of intelligence (right hand)
Wands
 B - a wand of disintegration (9)
Scrolls
 g - 7 scrolls of identify
 h - 2 scrolls of enchant armour {unknown}
 i - a scroll of enchant weapon
 j - a scroll of magic mapping
 m - a scroll of amnesia {unknown}
 n - 3 scrolls of remove curse
 o - 3 scrolls of teleportation
 p - 3 scrolls of random uselessness {unknown}
 v - a scroll of noise {unknown}
 A - a scroll of immolation {unknown}
Potions
 d - a potion of might
 e - a potion of haste {unknown}
 q - 2 potions of lignification {unknown}
 u - a potion of resistance {unknown}
 C - a potion of invisibility {unknown}
 D - a potion of stabbing {unknown}
 F - a potion of curing {unknown}
Comestibles
 f - 12 rations
 z - 6 chunks of flesh


   Skills:
 + Level 4.7 Fighting
 - Level 2.3(3.9) Axes
 - Level 4.9(5.2) Polearms
 + Level 6.3 Armour
 * Level 2.8 Dodging
 + Level 0.6 Stealth
 + Level 6.3 Shields


You had 7 spell levels left.
You didn't know any spells.
Your spell library contained the following spells:

 Spells                   Type           Power        Failure   Level  Hunger
 Animate Skeleton         Necr           N/A          71%         1    ##.....
 Apportation              Tloc           #.....       71%         1    ##.....
 Corona                   Hex            #......      71%         1    ##.....
 Summon Small Mammal      Summ           #...         71%         1    ##.....
 Ensorcelled Hibernation  Hex/Ice        #.....       85%         2    ###....
 Confusing Touch          Hex            #.......     97%         3    ####...
 Dazzling Flash           Conj/Hex       #.....       97%         3    ####...
 Tukima's Dance           Hex            #.......     97%         3    ####...


Dungeon Overview and Level Annotations

Branches:
Dungeon (6/15)             Temple (1/1) D:5

Altars:
Cheibriados
Dithmenos
Elyvilon
Fedhas
Gozag
Hepliaklqana
Kikubaaqudgha
Makhleb
Nemelex Xobeh
Okawaru
Qazlal
Ru
Sif Muna
Trog
Vehumet
Wu Jian
Zin
The Shining One

Shops:
D:4 }

Annotations:
D:6 Prince Ribbit


Innate Abilities, Weirdness & Mutations

You cannot be hasted, slowed, berserked, paralysed or teleported.
You can dig through walls and to a lower floor.
Your four strong arms can wield two-handed weapons with a shield.
You have a pair of large antennae on your head. (SInv)


Message History

Prince Ribbit lets out a mournful croak.
You block Prince Ribbit's attack.
You completely miss Prince Ribbit.
Prince Ribbit hits you but does no damage.
You closely miss Prince Ribbit. Prince Ribbit hits you.
* * * LOW HITPOINT WARNING * * *
Prince Ribbit blinks!
You miss Prince Ribbit. Prince Ribbit hits you!
* * * LOW HITPOINT WARNING * * *
You closely miss Prince Ribbit. You block Prince Ribbit's attack. x2
You miss Prince Ribbit.
Prince Ribbit blinks!
Throwing (i - inventory. (/) - cycle)
l - 203 stones (quivered)
Press: ? - help, Shift-Dir - straight line, f/p - Prince Ribbit
Aim: Prince Ribbit You throw a stone.
The stone hits Prince Ribbit but does no damage.
Prince Ribbit hits you.
* * * LOW HITPOINT WARNING * * *
You barely miss Prince Ribbit. Prince Ribbit hits you!
You die...

#...#####.#
####..รท......##
#..#..#####...#
#..#...# #<#...#
#....#.# #....##
#....#.# ##....#
###..#.######...###
#................
###.#.##...#....##
#.#F####......#
#.#.@.# #..#.##
#..##.# ..#.?#
##.##.####...# . ###
#.##...)..# ..# #..
#..#####()#........#
##.# #.....# . #. ..
#).##.# ..o. ...
..... .#...#o
...###..... #. ....#
#..{ .. .....# . ..#


You could see Prince Ribbit.

Vanquished Creatures
  A sky beast (D:5)
  An ice beast (D:4)
  An ogre (D:6)
  2 centaurs (D:6)
  A bullfrog (D:6)
  A scorpion (D:4)
  A howler monkey (D:4)
  A bullfrog zombie (D:5)
  A crimson imp (D:5)
  A hound (D:6)
  A centaur skeleton (D:5)
  3 iguanas
  4 orc wizards
  4 worker ants
  A hound zombie (D:5)
  2 worker ant zombies (D:5)
  A gnoll (D:2)
  5 adders
  A worm (D:3)
  2 leopard geckos
  11 orcs
  A giant cockroach (D:5)
  8 goblins
  6 hobgoblins
  5 jackals (D:2)
  5 kobolds
  3 quokkas
  A ball python (D:2)
  9 bats
  8 frilled lizards
  5 rats
97 creatures vanquished.

Notes
Turn   | Place    | Note
-------+----------+-------------------------------------------
     0 | D:1      | bli the Formicid Fighter began the quest for the Orb.
     0 | D:1      | Reached XP level 1. HP: 18/18 MP: 1/1
   107 | D:1      | Reached XP level 2. HP: 18/24 MP: 2/2
   820 | D:2      | Reached XP level 3. HP: 29/29 MP: 3/3
  1330 | D:2      | Reached skill level 1 in Polearms
  1330 | D:2      | Reached XP level 4. HP: 27/35 MP: 4/4
  1843 | D:3      | Reached XP level 5. HP: 38/41 MP: 5/5
  1890 | D:3      | Found a bloodstained altar of Trog.
  2279 | D:3      | Found a shadowy altar of Dithmenos.
  2419 | D:3      | Found an iron altar of Okawaru.
  2434 | D:3      | Became a worshipper of Warmaster Okawaru
  2610 | D:4      | Reached XP level 6. HP: 47/47 MP: 6/6
  2641 | D:4      | Found Netz's Gadget Shoppe.
  2641 | D:4      | Noticed an ice beast
  2652 | D:4      | Killed an ice beast
  2765 | D:4      | Reached * piety under Okawaru
  2836 | D:4      | Reached XP level 7. HP: 53/53 MP: 7/7
  2880 | D:4      | Reached skill level 5 in Armour
  3142 | D:4      | Found a shimmering blue altar of Sif Muna.
  3175 | D:5      | Entered Level 5 of the Dungeon
  3281 | D:5      | Found a staircase to the Ecumenical Temple.
  3300 | Temple   | Entered the Ecumenical Temple
  3360 | D:5      | Reached skill level 5 in Shields
  3397 | D:5      | Got a pitted dagger
  3398 | D:5      | Identified the +10 dagger of Hospitality {pain, *Noise
                  | Str+4 Stlth+} (You found it on level 5 of the Dungeon)
  3483 | D:5      | Reached skill level 1 in Dodging
  3843 | D:5      | Reached ** piety under Okawaru
  3843 | D:5      | Reached XP level 8. HP: 53/60 MP: 8/8
  4488 | D:6      | Noticed Prince Ribbit
  4509 | D:6      | HP: 2/61 [Prince Ribbit (4)]
  4510 | D:6      | Slain by Prince Ribbit

Illustrated notes

Levels and vault maps discovered:
D:1:      minmay_arrival_four_loops, layout_basic, chequers_avenue
D:2:      layout_basic, cheibrodos_gnoll_hut
D:3:      layout_loops_cross, kennysheep_okawaru_gauntlet,
          grunt_dithmenos_smoke, trog_butcher_becter
D:4:      layout_basic, lemuel_coloured_pillars_altar, first_ration,
          kennysheep_small_square
D:5:      layout_rooms, minmay_temple_entry_antechambers,
          minmay_stone_trees_medium
D:6:      layout_rooms, basic_altar, uniq_prince_ribbit1
Temple:   regret_index_temple_waves

Skill      XL: |  1  2  3  4  5  6  7  8 |
---------------+-------------------------+-----
Shields        | 4 5 6 |  6.3
Armour         | 4 5 6 |  6.3
Polearms       | 1 3 4 |  4.9
Fighting       | 4 |  4.7
Dodging        | 1 2 |  2.8
Axes           | |  2.3
Stealth        | |  0.6

Action                   |  1- 3 |  4- 6 |  7- 9 || total
-------------------------+-------+-------+-------++-------
Melee: War axe           |    38 |       |       ||    38
       Spear             |    75 |   123 |    53 ||   251
       Dagger            |       |       |   105 ||   105
Throw: Stone             |       |     5 |     3 ||     8
Evoke: Wand              |       |       |     2 ||     2
  Use: Scroll            |       |     2 |     2 ||     4
       Potion            |       |       |     1 ||     1
  Eat: Chunk             |     1 |     5 |     6 ||    12
Armor: Scale mail        |    44 |    20 |    27 ||    91
       Chain mail        |       |    20 |    16 ||    36
Dodge: Dodged            |    25 |    24 |    41 ||    90
Block: Kite shield       |    62 |    36 |    55 ||   153

Table legend:
 A = Non-vault XP
 B = Vault XP
 C = Vault XP percentage of total XP
 D = Non-vault monster count
 E = Vault monster count
 F = Vault count percentage of total count
                 A         B        C        D         E       F
            +---------+---------+-------+---------+---------+-------
      Total |    1493 |     161 |   9.7 |      87 |      10 |  10.3
            +---------+---------+-------+---------+---------+-------
        D:1 |      22 |       0 |   0.0 |      14 |       0 |   0.0
        D:2 |      48 |      18 |  27.3 |      21 |       3 |  12.5
        D:3 |     125 |      10 |   7.4 |      16 |       6 |  27.3
        D:4 |     210 |     133 |  38.8 |      10 |       1 |   9.1
        D:5 |     553 |       0 |   0.0 |      17 |       0 |   0.0
        D:6 |     535 |       0 |   0.0 |       9 |       0 |   0.0
            +---------+---------+-------+---------+---------+-------
